 Dungeon Crawl Stone Soup version 0.20.0-4-g10b340a (webtiles) character file.

36 Chiseanne the Vexing (level 3, 0/20 HPs)
             Began as a Deep Elf Arcane Marksman on May 28, 2017.
             Hit by a goblin thrown by Robin (2 damage)
             ... on level 2 of the Dungeon.
             The game lasted 00:02:28 (1061 turns).

Chiseanne the Vexing (Deep Elf Arcane Marksman)     Turns: 1061, Time: 00:02:29

Health: 0/20       AC:  3    Str:  8    XL:     3   Next: 19%
Magic:  7/7        EV: 11    Int: 17    God:
Gold:   35         SH:  0    Dex: 15    Spells: 4/5 levels left

rFire    . . .     SeeInvis .   a - +0 short sword
rCold    . . .     Gourm    .   (no shield)
rNeg     . . .     Faith    .   q - -2 ring mail (curse)
rPois    .         Spirit   .   (no helmet)
rElec    .         Reflect  .   (no cloak)
rCorr    .         Harm     .   (no gloves)
MR       .....                  (no boots)
Stlth    +.........             (no amulet)
Regen    0.1/turn               (no ring)
MPRegen  0.1/turn               (no ring)

@: no status effects
A: no striking features
a: no special abilities


You were on level 2 of the Dungeon.
You were not hungry.

You visited 1 branch of the dungeon, and saw 2 of its levels.

You collected 35 gold pieces.

Inventory:

Hand Weapons
 a - a +0 short sword (weapon)
 w - a +0 hunting sling
Missiles
 d - 7 sling bullets
 i - 51 stones (quivered)
 p - 25 bolts
 s - a throwing net
 t - 24 poisoned needles
Armour
 q - a cursed -2 ring mail (worn)
Scrolls
 b - a scroll of noise {unknown}
 k - a scroll of fog {unknown}
 l - a scroll of immolation {unknown}
 n - a scroll of teleportation {unknown}
 o - a scroll of blinking {unknown}
 u - 3 scrolls of identify {unknown}
Potions
 j - a potion of resistance
 m - a potion of invisibility
Books
 c - a book of Debilitation

   Spells                             Type                      Level
   a - Corona                         Hexes                        1
   b - Slow                           Hexes                        2
   c - Inner Flame                    Hexes/Fire                   3
   d - Portal Projectile              Hexes/Translocation          3
   e - Cause Fear                     Hexes                        4
   f - Leda's Liquefaction            Hexes/Earth                  4
Comestibles
 f - 2 bread rations
 r - a royal jelly


   Skills:
 * Level 1.3 Fighting
 - Level 2.1(2.2) Slings
 * Level 0.2(1.6) Throwing
 * Level 0.2 Armour
 * Level 3.2 Dodging
 - Level 1.5 Spellcasting
 - Level 4.0 Hexes


You had 4 spell levels left.
You knew the following spells:

 Your Spells              Type           Power        Failure   Level  Hunger
a - Corona                Hex            ##.....      12%         1    ##.....


Dungeon Overview and Level Annotations

Branches:
Dungeon (2/15)

Altars:

Annotations:
D:2 Robin


Message History

You feel agile all of a sudden.
The goblin no longer looks unusually strong.
The goblin misses you. x2
Sorry, you're not good enough to have a special ability.
Unknown command.
It was a potion of cancellation.
Your magical effects are unravelling.
You feel magically purged.
Your magical contamination has completely faded away.
You float gracefully downwards.
You flicker back into view.
You feel a little less agile now.
Your resistance to elements expires.
The hobgoblin no longer looks unusually strong.
You hit the goblin.
You kill the goblin!
The goblin hits you but does no damage.
Robin roars a battlecry!
The goblins go into a battle-frenzy!
Robin throws the goblin at you!
You die...

#.###.## #.# ..#
#.# #.# #.# #.#
#.# #.# #.# #.#
#†# #.# #
#.####.###.###.#
#g@g.ggg.(.....(
#########(.###.#
.(... #.#### (g
###


You could see Robin, 2 hobgoblins and 2 goblins.

Vanquished Creatures
  An ooze (D:1)
  3 dart slugs (D:1)
  5 bats
  3 goblins
  5 hobgoblins
  5 kobolds (D:1)
  3 rats (D:1)
25 creatures vanquished.

Notes
Turn   | Place    | Note
-------+----------+-------------------------------------------
     0 | D:1      | Chiseanne the Deep Elf Arcane Marksman began the quest for the Orb.
     0 | D:1      | Reached XP level 1. HP: 11/11 MP: 5/5
    49 | D:1      | Reached skill level 1 in Fighting
    63 | D:1      | Reached XP level 2. HP: 16/16 MP: 6/6
   806 | D:1      | Reached XP level 3. HP: 20/20 MP: 7/7
  1043 | D:2      | Noticed Robin
  1056 | D:2      | HP: 1/20 [goblin/club[Robin] (3)]
  1061 | D:2      | Hit by a goblin thrown by Robin

Skill      XL: |  1  2 |
---------------+-------+-----
Fighting       | 1 |  1.3
Slings         | 2 |  2.1
Dodging        | 3 |  3.2
Throwing       | |  0.2
Armour         | |  0.2
Spellcasting   | |  1.5
Hexes          | |  4.0

Action                   || total
-------------------------++-------
Melee: Short sword       ||     4
 Fire: Hunting sling     ||    77
  Use: Potion            ||     5
Armor: Robe              ||     7
       Ring mail         ||    11
Dodge: Dodged            ||    38
